 Dungeon Crawl Stone Soup version 0.17-a0-1311-gbcbd859 (webtiles) character file.

878 patman the Conjurer (level 7, 0/38 HPs)
             Began as a Deep Elf Assassin on June 8, 2015.
             Was a Follower of Okawaru.
             Slain by Psyche
             ... wielding a +1 dagger of chaos
              (3 damage)
             ... on level 8 of the Dungeon.
             The game lasted 00:26:07 (7350 turns).

patman the Conjurer (Deep Elf Assassin)             Turns: 7350, Time: 00:26:07

Health: 0/38       AC:  4    Str:  8    XL:     7   Next: 75%
Magic:  1/10       EV: 12    Int: 24    God:    Okawaru [*.....]
Gold:   510        SH:  0    Dex: 18    Spells: 2 memorised, 2 levels left

rFire  . . .     SeeInvis .     a - +0 dagger (freeze)
rCold  . . .     Clarity  .     c - +0 robe
rNeg   . . .     SustAt   .     (no shield)
rPois  .         Gourm    .     u - +1 hat
rElec  .         Spirit   .     d - +0 cloak
rCorr  .         Warding  .     (no gloves)
rMut   .         Stasis   .     (no boots)
MR     +....                    (no amulet)
Stlth  +++.......               I - ring of protection from magic
                                q - +3 ring of intelligence

@: brilliant, somewhat resistant to hostile enchantments, fairly stealthy
A: no striking features
a: Heroism, Renounce Religion


You were on level 8 of the Dungeon.
You worshipped Okawaru.
Okawaru was aware of your devotion.
You were very hungry.

You visited 1 branch of the dungeon, and saw 8 of its levels.

You collected 510 gold pieces.

Inventory:

Hand weapons
 a - a +0 dagger of freezing (weapon)
 b - a +0 blowgun
 o - a +0 short sword
 v - a +0 long sword
 A - a +2 dagger of holy wrath
 J - a +2 dagger
 N - a +0 rapier
Missiles
 e - 27 poisoned needles
 f - 2 curare-tipped needles
 F - a throwing net (quivered)
Armour
 c - a +0 robe (worn)
 d - a +0 cloak (worn)
 j - a +2 ring mail of poison resistance
 u - a +1 hat (worn)
Jewellery
 q - a +3 ring of intelligence (left hand)
 H - an uncursed ring of fire
 I - a ring of protection from magic (right hand)
Magical devices
 G - a wand of magic darts (22)
 P - a wand of teleportation (2)
Scrolls
 h - 2 scrolls of random uselessness
 i - a scroll of enchant armour {unknown}
 p - 5 scrolls of remove curse
 s - a scroll of amnesia {unknown}
 t - a scroll of blinking {unknown}
 y - a scroll of fog {unknown}
 C - a scroll of noise {unknown}
Potions
 l - a potion of cure mutation
 m - 2 potions of lignification
 n - 5 potions of curing
 r - a potion of agility
 z - a potion of heal wounds
 B - a potion of resistance
 D - a potion of degeneration
 L - 2 potions of might
 M - a potion of poison
 O - a potion of cancellation
Books
 E - a book of Conjurations

   Spells                             Type                      Level
   a - Magic Dart                     Conjuration                  1
   b - Searing Ray                    Conjuration                  2
   c - Dazzling Spray                 Conjuration/Hexes            3
   d - Fulminant Prism                Conjuration/Hexes            4
   e - Iskenderun's Mystic Blast      Conjuration                  4
   f - Iskenderun's Battlesphere      Conjuration/Charms           5
 K - a Grand Grimoire {highlevel}

   This book is beyond your current level of understanding.

   Spells                             Type                      Level
   a - Monstrous Menagerie            Summoning                    6
   b - Summon Greater Demon           Summoning                    7
   c - Malign Gateway                 Summoning/Translocation      7
   d - Summon Horrible Things         Summoning                    8
Comestibles
 g - 6 bread rations
 x - 3 meat rations


   Skills:
 - Level 1.5 Fighting
 - Level 4.7 Short Blades
 - Level 2.1 Throwing
 - Level 1.2 Dodging
 - Level 4.8 Stealth
 - Level 1.0 Spellcasting
 * Level 7.0 Conjurations
 + Level 5.3 Charms


You had 2 spell levels left.
You knew the following spells:

 Your Spells              Type           Power        Failure   Level  Hunger
a - Magic Dart            Conj           ####         1%          1    ##.....
S - Iskenderun's Battles  Conj/Chrm      #####...     4%          5    ######.


Dungeon Overview and Level Annotations

Branches:
Dungeon (8/15)             Temple (0/1) D:5
   Lair: D:8-11

Altars:
Ashenzari
Fedhas
Kikubaaqudgha
Nemelex Xobeh
Okawaru
Sif Muna
Trog

Annotations:
D:3 RobertPalmer's ghost, average OgCK
D:6 exclusion: 3 wights
D:7 Dowan; Duvessa
D:8 Psyche


Message History

Something hits your battlesphere.
Your battlesphere is destroyed!
Psyche gestures at you while chanting. The puff of frost hits you!
* * * LOW HITPOINT WARNING * * *
Casting: Magic Dart
Confirm with . or Enter, or press ? or * to list all spells.
Aiming: Magic Dart
Press: ? - help, Shift-Dir - straight line, f/p - Psyche
Aim: Psyche, wielding a dagger of chaos and wearing a runed robe (moderately wounded, fast)
The magic dart hits Psyche.
Psyche is heavily wounded.
Psyche barely misses you. Psyche hits you with a dagger of chaos.
* * * LOW HITPOINT WARNING * * *
Psyche burns you.
* * * LOW HITPOINT WARNING * * *
Unknown command.
Unknown command.
Psyche hits you with a dagger of chaos.
You die...

#.# #....#.####.#.#
# #.# ###.##.# #.#.#
# #.# #.##.# #.#.#
#.# #.##.# #.#.# #o#
#....# #.#.# #o#
###### #.#.# #.#
#...#
#ยง#################
#o.@@...........#
###############.#
#.# #.# #.#####
#...... #######


You could see Psyche and an orc.

Vanquished Creatures
  2 ice beasts (D:5)
  2 centaurs
  A crimson imp (D:5)
  A jelly (D:5)
  A centaur skeleton (D:6)
  2 iguanas
  2 orc wizards
  2 worker ants
  2 giant frog skeletons
  3 gnolls (D:4)
  11 adders
  An adder skeleton (D:6)
  2 giant geckos
  6 orcs
  A bat skeleton (D:6)
  10 goblins
  15 hobgoblins
  5 jackals
  3 quokkas
  17 bats
  A giant cockroach (D:6)
  2 giant newts
  9 kobolds
  14 rats
115 creatures vanquished.

Notes
Turn   | Place    | Note
--------------------------------------------------------------
     0 | D:1      | patman the Deep Elf Assassin began the quest for the Orb.
     0 | D:1      | Reached XP level 1. HP: 12/12 MP: 3/3
   317 | D:1      | Reached XP level 2. HP: 16/16 MP: 4/4
  1253 | D:2      | Reached XP level 3. HP: 12/20 MP: 5/5
  2628 | D:2      | Reached XP level 4. HP: 10/25 MP: 6/6
  3067 | D:2      | Found a deep blue altar of Sif Muna.
  3567 | D:3      | Learned a level 1 spell: Magic Dart
  3706 | D:3      | Found a shattered altar of Ashenzari.
  3736 | D:3      | Noticed RobertPalmer's ghost (average OgCK)
  3856 | D:4      | Reached skill level 1 in Spellcasting
  3856 | D:4      | Reached skill level 1 in Conjurations
  3945 | D:4      | Found an iron altar of Okawaru.
  3990 | D:4      | Became a worshipper of Warmaster Okawaru
  4026 | D:4      | Found an ancient bone altar of Kikubaaqudgha.
  4107 | D:4      | Reached XP level 5. HP: 16/29 MP: 5/8
  4500 | D:4      | Noticed a centaur
  4503 | D:4      | Killed a centaur
  4510 | D:4      | Learned a level 5 spell: Iskenderun's Battlesphere
  4549 | D:4      | Reached XP level 6. HP: 21/34 MP: 7/9
  4777 | D:5      | Entered Level 5 of the Dungeon
  5018 | D:5      | Reached skill level 5 in Conjurations
  5336 | D:5      | Found a blossoming altar of Fedhas.
  5395 | D:5      | Acquired Okawaru's first power
  5395 | D:5      | Reached XP level 7. HP: 38/38 MP: 10/10
  5416 | D:5      | Found a staircase to the Ecumenical Temple.
  5679 | D:5      | Reached skill level 6 in Conjurations
  6266 | D:6      | Found a bloodstained altar of Trog.
  6266 | D:6      | Found a sparkling altar of Nemelex Xobeh.
  6266 | D:6      | Found a blossoming altar of Fedhas.
  6477 | D:7      | Noticed Duvessa
  6477 | D:7      | Noticed Dowan
  6769 | D:8      | Reached skill level 5 in Charms
  7257 | D:8      | Reached skill level 7 in Conjurations
  7332 | D:8      | Noticed Psyche
  7350 | D:8      | Slain by Psyche

Vault maps used:
D:1:      zaba_arrival_water
D:2:      kennysheep_six_static_rooms, lemuel_blue_sif_altar, minivault_25,
          grunt_decor_clamped
D:3:      evilmike_ruin_ashenzari, uniq_jessica, uniq_crazy_yiuf_cottage
D:4:      kiku_gazebo_garden_becter, okawaru_gym_becter, first_bread,
          minmay_strange_pillars
D:5:      lemuel_ice_spiral_2, minmay_temple_entry_grid, minivault_4,
          fedhas_altar_3
D:6:      gammafunk_temple_overflow_claw
D:7:      uniq_duvessa
D:8:      uniq_psyche

Action                   |  1- 3 |  4- 6 |  7- 9 || total
-------------------------+-------+-------+-------++-------
Melee: Dagger            |   150 |   165 |   119 ||   434
 Fire: Blowgun           |     3 |    12 |     5 ||    20
Throw: Throwing net      |       |     4 |       ||     4
 Cast: Magic Dart        |       |    23 |    35 ||    58
       Iskenderun's Batt |       |       |     1 ||     1
  Use: Potion            |     1 |       |     2 ||     3
       Scroll            |       |     8 |     7 ||    15
 Stab: Sleeping          |    13 |    10 |    10 ||    33
       Distracted        |     1 |     1 |       ||     2
       Held in net/web   |       |     2 |       ||     2
  Eat: Chunk             |     3 |     6 |     1 ||    10
       Pizza             |     1 |     1 |       ||     2
       Beef jerky        |     1 |     1 |       ||     2
       Meat ration       |       |       |     1 ||     1
